 Dungeon Crawl Stone Soup version 0.30-a0-782-ge64f9170bb (webtiles) character file.

Game seed: 12950462600639207645

96114 DeathSun the Brawler (level 15, 0/180 HPs)
             Began as a Green Draconian Transmuter on Feb 22, 2023.
             Was an Initiate of Uskayaw.
             Slain by Donald
             ... wielding a +3 war axe of flaming
              (30 damage)
             ... on level 1 of the Swamp.
             The game lasted 01:08:39 (25595 turns).

DeathSun the Brawler (Green Draconian Transmuter)  Turns: 25595, Time: 01:08:40

Health: 0/180      AC: 25    Str: 18    XL:     15   Next: 68%
Magic:  15/30      EV: 14    Int: 20    God:    Uskayaw [......]
Gold:   1311       SH:  0    Dex: 11    Spells: 3/22 levels left

rFire   + . .      SeeInvis +      - Unarmed
rCold   . . .      Faith    .    (no shield)
rNeg    + + .      Spirit   .    (body armour unavailable)
rPois   ∞          Reflect  .    (helmet restricted)
rElec   +          Harm     .    Z - scarf {repulsion}
rCorr   .          Rampage  .    (gloves currently unavailable)
Will    +....                    (boots currently unavailable)
Stlth   +                        x - amulet of regeneration
HPRegen 1.30/turn                X - ring "Put-Me-On" {Wiz rN+}
MPRegen 0.22/turn                Y - ring of Suacak {MP+9 Int+2 SInv}

@: statue-form, repel missiles, very slow
A: slow and powerful, torment resistance 1, boosted hp, (breathe noxious fumes),
AC +9, unfitting armour, stinger 1, poison resistance, cold-blooded, clever 1,
fire resistance 1
a: End Transformation, Renounce Religion


You were on level 1 of the Swamp.
You worshipped Uskayaw.
Uskayaw was aware of your devotion.
You were a living statue of rough stone.
You visited 6 branches of the dungeon, and saw 25 of its levels.

You collected 2800 gold pieces.
You spent 1489 gold pieces at shops.

Inventory:

Armour
 l - a scarf of invisibility
 C - a +2 pair of boots (melded)
 E - a +2 buckler of reflection
 Z - a scarf of repulsion (worn)
Jewellery
 p - a +6 ring of intelligence
 q - a ring of magical power
 w - a +6 ring of intelligence
 x - an amulet of regeneration (around neck)
 D - a ring of positive energy
 J - a ring of protection from fire
 M - a ring of positive energy
 O - a ring of protection from fire
 X - the ring "Put-Me-On" (left fist) {Wiz rN+}
   (You bought it in a shop on level 2 of the Orcish Mines)

   [ring of wizardry]

   It improves your spell success rate.
   rN:        It protects you from negative energy.
 Y - the ring of Suacak (right fist) {MP+9 Int+2 SInv}
   (You bought it in a shop on level 2 of the Orcish Mines)

   [ring of magical power]

   Int:       It affects your intelligence (+2).
   MP:        It affects your magic capacity (+9).
   SInv:      It lets you see invisible.
Wands
 o - a wand of iceblast (9)
 t - a wand of mindburst (19)
 A - a wand of polymorph (6)
 G - a wand of digging (7)
 I - a wand of charming (9)
 N - a wand of flame (17)
 P - a wand of acid (6)
Scrolls
 a - a scroll of blinking
 b - a scroll of identify
 f - 4 scrolls of immolation
 g - 3 scrolls of magic mapping
 h - 5 scrolls of enchant weapon
 i - 19 scrolls of teleportation
 k - 3 scrolls of enchant armour
 m - 5 scrolls of vulnerability
 n - a scroll of poison
 y - 7 scrolls of amnesia
 F - a scroll of acquirement {unknown}
 Q - 3 scrolls of summoning
 R - 3 scrolls of fog {unknown}
 S - a scroll of noise {unknown}
 T - a scroll of brand weapon {unknown}
 W - 2 scrolls of fear {unknown}
Potions
 c - a potion of experience {unknown}
 d - 3 potions of might
 e - 6 potions of mutation
 j - 2 potions of haste
 r - 2 potions of curing
 s - 6 potions of flight
 u - 3 potions of magic {unknown}
 v - 3 potions of brilliance {unknown}
 z - 2 potions of invisibility {unknown}
 B - 2 potions of lignification
 H - a potion of attraction {unknown}
 K - 3 potions of heal wounds {unknown}
 U - 3 potions of cancellation {unknown}
 V - a potion of resistance {unknown}


   Skills:
 + Level 14.6 Fighting
 * Level 6.3 Dodging
 + Level 15.4 Unarmed Combat
 - Level 4.0 Spellcasting
 + Level 12.7 Transmutations
 - Level 3.0 Air Magic
 - Level 10.0 Earth Magic
 - Level 8.0 Invocations
 - Level 7.0 Evocations


You had 3 spell levels left.
You knew the following spells:

 Your Spells              Type           Power      Damage    Failure   Level
a - Beastly Appendage     Tmut           100%       N/A       1%          1
b - Wereblood             Tmut           53%        N/A       1%          2
c - Blade Hands           Tmut           26%        N/A       1%          5
d - Passwall              Tmut/Erth      40%        N/A       1%          2
e - Statue Form           Tmut/Erth      32%        N/A       8%          6
f - Swiftness             Air            16%        N/A       4%          3

Your spell library contained the following spells:

 Spells                   Type           Power      Damage    Failure   Level
 Sandblast                Erth           88%        2d18      1%          1
 Sting                    Tmut/Pois      100%       1d8       1%          1
 Spider Form              Tmut/Pois      29%        N/A       1%          3
 Stone Arrow              Conj/Erth      48%        3d10      1%          3
 Poisonous Vapours        Pois/Air       20%        N/A       4%          2
 Static Discharge         Conj/Air       20%        2-3/arc   4%          2
 Blink                    Tloc           8%         N/A       8%          2
 Ensorcelled Hibernation  Hex/Ice        8%         N/A       8%          2
 Lesser Beckoning         Tloc           8%         N/A       8%          2
 Momentum Strike          Conj/Tloc      8%         3d8       8%          2
 Vhi's Electric Charge    Tloc/Air       20%        N/A       9%          3
 Inner Flame              Hex/Fire       4%         N/A       16%         3
 Portal Projectile        Hex/Tloc       8%         N/A       16%         3
 Tukima's Dance           Hex            4%         N/A       16%         3
 Petrify                  Tmut/Erth      49%        N/A       1%          4
 Ice Form                 Ice/Tmut       29%        N/A       4%          4
 Dragon Form              Tmut           26%        N/A       22%         7
 Anguish                  Hex/Necr       2%         N/A       43%         4
 Animate Dead             Necr           4%         N/A       43%         4
 Cause Fear               Hex            2%         N/A       43%         4
 Olgreb's Toxic Radiance  Pois           4%         N/A       43%         4
 Arcjolt                  Conj/Air       5%         1d15      56%         5
 Lightning Bolt           Conj/Air       5%         1d17      56%         5
 Fireball                 Conj/Fire      2%         3d4       77%         5
 Iskenderun's Battlesphe  Conj           4%         2d6       77%         5
 Metabolic Englaciation   Hex/Ice        2%         N/A       77%         5
 Conjure Ball Lightning   Conj/Air       5%         3x3d6     98%         6
 Enfeeble                 Hex            2%         N/A       100%        7
 Haunt                    Necr/Summ      2%         N/A       100%        7
 Orb of Destruction       Conj           2%         9d5       100%        7
 Discord                  Hex            2%         N/A       100%        8
 Infestation              Necr           2%         N/A       100%        8
 Dragon's Call            Summ           2%         N/A       100%        9


Dungeon Overview and Level Annotations

Branches:
Dungeon (15/15)            Temple (1/1) D:7            Lair (5/5) D:10
  Swamp (1/4) Lair:3        Snake (0/4) Lair:3        Slime (0/5) Lair:5
    Orc (2/2) D:12            Elf (0/3) Orc:2        Vaults (0/5) D:13
 Depths (1/4) D:15

Altars:
Ashenzari
Cheibriados
Dithmenos
Elyvilon
Fedhas
Gozag
Hepliaklqana
Kikubaaqudgha
Makhleb
Nemelex Xobeh
Okawaru
Qazlal
Ru
Sif Muna
Trog
Uskayaw
Vehumet
Wu Jian
Xom
Yredelemnul
Zin
The Shining One

Shops:
Orc:2 =*::   Depths:1 (

Annotations:
D:3 1 runed translucent door, Crazy Yiuf
D:6 1 runed translucent door, TryHard88's ghost, novice MiFi
D:7 2 runed translucent doors, exclusion: orange crystal statue
D:8 exclusion: oklob plant
Lair:5 exclusion: oklob plant
Swamp:1 Donald


Innate Abilities, Weirdness & Mutations

You are a living statue of rough stone.
Your actions are slow, but your melee attacks are powerful.
You are resistant to unholy torment.
Your maximum health is greatly increased.
Your equipment is partially melded.
((You can breathe blasts of noxious fumes.))
((Your lurid green scales are hard. (AC +9)))
You cannot fit into any form of body armour.
Your tail ends in a venomous barb.
Your system is resistant to poisons. (rPois)
You are cold-blooded and may be slowed by cold attacks.
Your mind is acute. (Int +4, Str/Dex -1)
Your flesh is heat resistant. (rF+)


Message History

You stomp with the beat, sending a shockwave through the revellers around you!
The vampire mosquito is almost destroyed. x3
Donald is moderately wounded.
The vampire mosquito is severely damaged.
You can no longer stomp with the beat.
The vampire mosquito bites you! The vampire mosquito misses you.
The vampire mosquito closely misses you.
The vampire mosquito bites you but does no damage.
The spriggan hits you from afar with a +0 spear.
The vampire mosquito closely misses you.
The vampire mosquito bites you but does no damage.
The vampire mosquito barely misses you.
The vampire mosquito closely misses you.
The spriggan rider hits you from afar with a +0 spear!
The spriggan hits you but does no damage.
Donald gestures wildly while chanting.
Donald seems to speed up.
The vampire mosquito completely misses you.
The vampire mosquito bites you.
The vampire mosquito bites you but does no damage.
The vampire mosquito barely misses you.
You can now stomp with the beat.
You stomp with the beat, sending a shockwave through the revellers around you!
You destroy the vampire mosquito! x3
Donald is heavily wounded.
The vampire mosquito is almost destroyed.
You can no longer stomp with the beat.
The vampire mosquito bites you but does no damage.
Donald says, "At least there's some dry land.
I hate getting wet."
Donald hits you with a +3 war axe of flaming!!
* * * LOW HITPOINT WARNING * * *
Donald burns you.
* * * LOW HITPOINT WARNING * * *
The vampire mosquito bites you but does no damage.
The spriggan rider barely misses you.
The spriggan hits you from afar with a +0 spear.
* * * LOW HITPOINT WARNING * * *
Donald says, "They wouldn't let me join their adventuring club without the Orb."
Donald hits you with a +3 war axe of flaming!!
You die...

♣~~~~~.~~...♣
(~§~~~~....♣
♣.~~......~♣
♣~....$..$..
♣~~~~...~.
§♣♣♣.~~..i~♣
~~>...y†@i.♣
§~...~.8†~~♣
..~♣....~~♣♣
♣.~~~.♣♣
♣.~~.♣♣
♣♣..<♣ ♣♣♣♣♣


You could see Donald (fast, strong), a spriggan rider, a vampire mosquito and a
spriggan.

Vanquished Creatures
  Rupert (Lair:5)
  Kirke (D:12)
  An orc warlord (Orc:1)
  A great orb of eyes (D:15)
  Fannar (D:12)
  An ice dragon (Lair:5)
  4 hydras
  2 rakshasas (D:15)
  4 centaur warriors
  An ogre mage (D:13)
  7 two-headed ogres
  3 tengu warriors
  Urug (Lair:3)
  5 orc high priests (Orc:2)
  4 skysharks
  A death drake (shapeshifter) (D:15)
  A bog body (Lair:3)
  A lindwurm (Lair:5)
  3 deep elf pyromancers
  A wolf spider (Lair:5)
  4 orc knights
  18 ugly things
  3 cyclopes
  4 manticores
  5 elephants (Lair:3)
  11 black mambas
  A guardian serpent (Lair:5)
  2 gargoyles (D:11)
  22 cane toads
  7 torpor snails (Lair:5)
  A cane toad (shapeshifter) (D:15)
  An unseen horror (D:12)
  3 yaktaurs (D:13)
  A kobold demonologist (D:12)
  3 rime drakes
  10 komodo dragons
  3 tengu conjurers
  2 freezing wraiths
  3 meliai (D:15)
  A queen bee (D:8)
  7 trolls
  3 polar bears
  4 tyrant leeches (Lair:5)
  9 blink frogs
  Grinder (D:3)
  12 hornets
  3 dream sheep (Lair:5)
  15 slime creatures
  Sigmund (D:4)
  7 wraiths
  16 wyverns
  A human (Lair:5)
  42 yaks
  2 steam dragons
  3 hogs (D:11)
  3 basilisks
  A redback (Lair:5)
  8 vampire mosquitoes
  3 wargs
  An acid dragon (D:9)
  20 water moccasins
  40 orc warriors
  A black bear (D:5)
  4 sky beasts
  9 wolves
  18 centaurs
  8 ogres
  A boggart (D:13)
  A phantom (D:6)
  5 kobold brigands
  8 bullfrogs
  2 necrophages
  10 wights
  A scorpion (D:7)
  23 killer bees
  4 howler monkeys
  An electric eel (Lair:1)
  A lava snake (D:11)
  4 hounds
  8 jellies
  25 orc priests
  A gnoll bouda (D:8)
  10 hell rats
  An iguana (D:5)
  15 orc wizards
  8 adders
  6 gnolls
  A shadow imp (D:5)
  A white imp (D:8)
  2 ufetubi
  A worm (D:5)
  A dart slug (D:1)
  95 orcs
  11 bats
  20 endoplasms
  4 giant cockroaches
  5 goblins
  6 hobgoblins
  18 jackals
  7 quokkas
  5 ball pythons
  3 frilled lizards
  25 kobolds
  5 rats
736 creatures vanquished.

Vanquished Creatures (collateral kills)
  An orc warrior (Orc:2)
1 creature vanquished.

Vanquished Creatures (others)
  A lich (D:15)
  3 humans (D:12)
  42 fungi
  82 plants
128 creatures vanquished.

Grand Total: 865 creatures vanquished

Notes
Turn   | Place    | Note
-------+----------+-------------------------------------------
     0 | D:1      | DeathSun the Draconian Transmuter began the quest for the
                  | Orb.
     0 | D:1      | Reached XP level 1. HP: 16/16 MP: 3/3
   234 | D:1      | Reached XP level 2. HP: 23/23 MP: 1/5
   344 | D:1      | Learned a level 2 spell: Wereblood
   550 | D:1      | Reached XP level 3. HP: 26/28 MP: 4/6
  1108 | D:2      | Reached skill level 4 in Unarmed Combat
  1317 | D:2      | Reached XP level 4. HP: 30/35 MP: 5/7
  2471 | D:3      | Noticed Grinder
  2505 | D:3      | Killed Grinder
  2506 | D:3      | Reached skill level 6 in Unarmed Combat
  2506 | D:3      | Reached XP level 5. HP: 40/40 MP: 8/8
  2506 | D:3      | Reached XP level 6. HP: 47/47 MP: 9/9
  2870 | D:3      | Found a runed translucent door.
  2871 | D:3      | Noticed Crazy Yiuf
  3065 | D:4      | Noticed Sigmund
  3241 | D:4      | Found a snail-covered altar of Cheibriados.
  3379 | D:5      | Entered Level 5 of the Dungeon
  3454 | D:5      | Learned a level 5 spell: Blade Hands
  3553 | D:5      | Your scales start taking on a lurid green colour.
  3553 | D:5      | Reached XP level 7. HP: 51/52 MP: 8/10
  3553 | D:5      | Gained mutation: Your system is resistant to poisons.
                  | (rPois) [Green Draconian growth]
  3581 | D:5      | Reached skill level 7 in Unarmed Combat
  3832 | D:5      | Reached skill level 5 in Transmutations
  4399 | D:4      | Killed Sigmund
  4599 | D:4      | Reached skill level 8 in Unarmed Combat
  4883 | D:6      | Reached XP level 8. HP: 56/59 MP: 9/11
  4936 | D:6      | Found a stormy altar of Qazlal.
  5081 | D:6      | Learned a level 2 spell: Passwall
  5125 | D:6      | Noticed TryHard88's ghost (novice MiFi)
  5160 | D:6      | Found a runed translucent door.
  5270 | D:6      | Reached skill level 1 in Earth Magic
  5506 | D:6      | Reached skill level 9 in Unarmed Combat
  6034 | D:6      | Gained mutation: Your flesh is heat resistant. (rF+)
                  | [potion of mutation]
  6034 | D:6      | Gained mutation: Your mind is acute. (Int +4, Str/Dex -1)
                  | [potion of mutation]
  6466 | D:7      | Found a staircase to the Ecumenical Temple.
  6482 | Temple   | Entered the Ecumenical Temple
  6713 | Temple   | Became a worshipper of Uskayaw the Reveller
  6746 | D:7      | Reached * piety under Uskayaw
  6749 | D:7      | Reached ** piety under Uskayaw
  6750 | D:7      | Reached XP level 9. HP: 44/64 MP: 10/12
  6829 | D:7      | Reached skill level 10 in Unarmed Combat
  6903 | D:7      | Reached *** piety under Uskayaw
  6907 | D:7      | Reached **** piety under Uskayaw
  6955 | D:7      | Noticed an orange crystal statue
  6958 | D:7      | Found the +10 tower shield of Ignorance {rN+ Int-4}
  6959 | D:7      | Found a runed translucent door.
  6995 | D:7      | Found a runed translucent door.
  7376 | D:7      | Found a sacrificial altar of Ru.
  7725 | D:8      | Noticed an oklob plant
  7731 | D:8      | Reached skill level 11 in Unarmed Combat
  8012 | D:8      | Noticed a two-headed ogre
  8019 | D:8      | Killed a two-headed ogre
  8095 | D:8      | Reached XP level 10. HP: 68/71 MP: 11/13
  8107 | D:8      | Reached ***** piety under Uskayaw
  8108 | D:8      | Reached skill level 12 in Unarmed Combat
  8819 | D:8      | Reached skill level 13 in Unarmed Combat
  8972 | D:9      | Reached skill level 1 in Invocations
  9079 | D:9      | Found a shadowy altar of Dithmenos.
  9080 | D:9      | Found a white marble altar of Elyvilon.
  9281 | D:9      | Reached XP level 11. HP: 80/84 MP: 14/14
  9290 | D:9      | Reached ****** piety under Uskayaw
  9484 | D:9      | Noticed a two-headed ogre
  9491 | D:9      | Killed a two-headed ogre
  9492 | D:9      | Reached skill level 5 in Fighting
  9553 | D:9      | Identified the +1 dagger of the Usurping Eel {flame, Dex+3}
  9644 | D:9      | Reached skill level 5 in Invocations
  9680 | D:10     | Entered Level 10 of the Dungeon
  9873 | D:10     | Noticed a two-headed ogre
  9884 | D:10     | Killed a two-headed ogre
  9980 | D:10     | Found a hazy altar of Hepliaklqana.
 10049 | D:10     | Noticed a two-headed ogre
 10057 | D:10     | Killed a two-headed ogre
 10184 | D:10     | Found a staircase to the Lair.
 10208 | D:10     | Identified the +11 flail "Baxuytom" {elec, +Blink Str+4}
 10361 | D:10     | Found a shimmering altar of Xom.
 10366 | D:10     | Found an iron altar of Okawaru.
 10366 | D:10     | Found a sparkling altar of Nemelex Xobeh.
 10379 | D:10     | Found a glowing silver altar of Zin.
 10382 | D:10     | Found an ornate altar of the Wu Jian Council.
 10455 | D:11     | Noticed a purple ugly thing
 10763 | D:11     | Killed a purple ugly thing
 10808 | D:11     | Found a glowing golden altar of the Shining One.
 11278 | D:12     | Noticed Fannar
 11454 | D:12     | Reached skill level 5 in Dodging
 11545 | Lair:1   | Entered Level 1 of the Lair of Beasts
 11875 | Lair:1   | Reached XP level 12. HP: 99/103 MP: 16/16
 12290 | Lair:1   | Reached skill level 1 in Evocations
 13553 | Lair:2   | Reached skill level 10 in Transmutations
 13579 | Lair:2   | Reached skill level 10 in Fighting
 13954 | Lair:3   | Found a staircase to the Snake Pit.
 13975 | Lair:3   | Reached skill level 14 in Unarmed Combat
 13975 | Lair:3   | Reached skill level 5 in Earth Magic
 14000 | Lair:3   | Found a staircase to the Swamp.
 14201 | Lair:3   | Reached XP level 13. HP: 100/114 MP: 14/18
 14544 | Lair:3   | Noticed Urug
 14555 | Lair:3   | Killed Urug
 16055 | Lair:4   | Learned a level 6 spell: Statue Form
 16056 | Lair:5   | Entered Level 5 of the Lair of Beasts
 16347 | Lair:5   | Reached skill level 5 in Evocations
 16423 | Lair:5   | Paralysed by a hornet for 1 turns
 16553 | Lair:5   | Found a staircase to the Slime Pits.
 17032 | Lair:5   | Gained mutation: Your tail ends in a venomous barb. [Green
                  | Draconian growth]
 17032 | Lair:5   | Reached XP level 14. HP: 121/127 MP: 20/20
 17241 | Lair:5   | Found a runed translucent door.
 17246 | Lair:5   | Noticed Rupert
 17257 | Lair:5   | Killed Rupert
 17505 | Lair:5   | Found a runed translucent door.
 17600 | Lair:5   | Paralysed by a hornet for 3 turns
 18672 | D:12     | Noticed Kirke
 18714 | D:12     | Killed Kirke
 19102 | D:12     | Killed Fannar
 19245 | D:12     | Found a staircase to the Orcish Mines.
 19433 | Orc:1    | Entered Level 1 of the Orcish Mines
 19545 | Orc:1    | You fall into a shaft and drop 1 floor!
 19545 | Orc:2    | Entered Level 2 of the Orcish Mines
 19637 | Orc:1    | Noticed an orc warlord
 19668 | Orc:1    | Killed an orc warlord
 20169 | Orc:2    | HP: 3/132 [red devil/+0 trident[an orc high priest] (19)]
 20718 | Orc:2    | Found a staircase to the Elven Halls.
 21008 | Orc:2    | Found Wikhluk's General Store.
 21008 | Orc:2    | Found Ujoh's Jewellery Boutique.
 21009 | Orc:2    | Found Tesosu's Book Boutique.
 21009 | Orc:2    | Found Erurphaid's Book Shop.
 21017 | Orc:2    | Bought a book of Burglary for 340 gold pieces
 21023 | Orc:2    | Learned a level 3 spell: Swiftness
 21024 | Orc:2    | Bought the ring "Put-Me-On" {Wiz rN+} for 618 gold pieces
 21024 | Orc:2    | Bought the ring of Suacak {MP+9 Int+2 SInv} for 531 gold
                  | pieces
 21737 | D:13     | Reached skill level 1 in Air Magic
 21975 | D:13     | Reached XP level 15. HP: 78/138 MP: 21/21
 22050 | D:13     | Paralysed by an ogre mage for 5 turns
 22155 | D:13     | Found a gate to the Vaults.
 22544 | D:14     | Reached skill level 15 in Unarmed Combat
 24086 | D:15     | Entered Level 15 of the Dungeon
 24562 | D:15     | Found a staircase to the Depths.
 24797 | D:15     | Reached skill level 10 in Earth Magic
 25192 | Depths:1 | Entered Level 1 of the Depths
 25192 | Depths:1 | Noticed a lich
 25192 | Depths:1 | Found Lifuyna's Weapon Emporium.
 25202 | D:15     | Killed a lich
 25581 | Swamp:1  | Entered Level 1 of the Swamp
 25586 | Swamp:1  | Noticed Donald
 25595 | Swamp:1  | Slain by Donald

Illustrated notes

Levels and vault maps discovered:
D:1:      lightli_arrival_maybe_door_vault, layout_basic,
          dreamdust_mushroom_princess
D:2:      layout_basic
D:3:      layout_loops_ring, kennysheep_generic_room_5, uniq_crazy_yiuf_cottage,
          uniq_grinder
D:4:      layout_gridville, general_overflow_altar, chequers_mini_garden,
          uniq_sigmund
D:5:      layout_gridville
D:6:      layout_cave_pods, mainiacjoe_overflow_concentric_impassable,
          hellmonk_ghost_happy_afterlife
D:7:      layout_loops_corners, lemuel_coloured_pillars_altar,
          minmay_temple_entry_ruins, chequers_guarded_unrand_ignorance
D:8:      lemuel_slime, layout_loops_ring, nicolae_looking_at_the_future
D:9:      layout_long_grid, mainiacjoe_overflow_divided_tiny
D:10:     layout_rooms, minmay_overflow_temple_star_hex,
          mainiacjoe_overflow_alcove_1, lair_entry_dummy
D:11:     layout_cave_pools, kennysheep_donut, minmay_stone_trees_small,
          tso_metal_star
D:12:     layout_cave_pools, orc_0_dummy, uniq_fannar, uniq_kirke
D:13:     layout_loops_ring, hangedman_vaults_entry_quadrant_bands,
          serial_glass, glass_columns_c, glass_columns_a
D:14:     layout_basic
D:15:     gammafunk_enter_depths_forms, layout_loops_ring
Temple:   chequers_temple_sunken
Lair:1:   layout_gridlike
Lair:2:   layout_cellular_growth, infiniplex_staircase_pool_2
Lair:3:   layout_roguey, skrybe_swamp_entry_bodies, dummy_snake_entry, uniq_urug
Lair:4:   layout_cave_pods
Lair:5:   hangedman_lair_tendril_chambers, layout_regular_city, wormcave,
          nicolae_slime_entry_field_trip, pdpol_lair_cabin_in_the_woods
Swamp:1:  layout_basic_swamp, evilmike_swamp_ruin_house_6, swamp_pool1,
          uniq_donald, uniq_jorgrun
Orc:1:    layout_caves, basic_altar, lemuel_statue_altar
Orc:2:    st_orc_pillars, layout_caves, gauntlet_entry_generic
Depths:1: layout_forbidden_donut, pan_entry, serial_shops, shop, hell_entry,
          okawaru_trees_2, grunt_megastairs_2, uniq_bai_suzhen

Skill      XL: |  1  2  3  4  5  6  7  8  9 10 11 12 13 14 15 |
---------------+----------------------------------------------+-----
Unarmed Combat | 4 6 8 9 11 13 14 15 | 15.4
Transmutations | 4 5 6 8 9 10 11 12 | 12.7
Earth Magic    | 3 5 7 9 10 | 10.0
Invocations    | 3 6 7 8 |  8.0
Dodging        | 2 5 6 |  6.3
Fighting       | 4 8 10 12 14 | 14.6
Evocations     | 3 6 7 |  7.0
Spellcasting   | 3 4 |  4.0
Air Magic      | 1 3 |  3.0

Action                     |  1- 3 |  4- 6 |  7- 9 | 10-12 | 13-15 || total
---------------------------+-------+-------+-------+-------+-------++-------
  Melee: Unarmed           |   100 |   150 |   273 |   404 |   718 ||  1645
         Tailslap          |     7 |    17 |    38 |    47 |   132 ||   241
         Kick              |    17 |    41 |    92 |     5 |     5 ||   160
         Headbutt          |    10 |    13 |    41 |     4 |     1 ||    69
         Punch             |     1 |     3 |    11 |    27 |    86 ||   128
   Cast: Beastly Appendage |    25 |    39 |    41 |     2 |     3 ||   110
         Wereblood         |       |     1 |     8 |    25 |    31 ||    65
         Blade Hands       |       |       |     1 |    64 |   109 ||   174
         Statue Form       |       |       |       |       |    11 ||    11
 Invoke: Stomp             |       |       |     1 |     2 |     9 ||    12
         Line Pass         |       |       |       |     1 |     7 ||     8
Ability: Breathe Noxious F |       |       |     3 |     4 |    22 ||    29
         End Transformatio |       |       |       |       |     3 ||     3
  Evoke: Wand              |       |       |       |     7 |    25 ||    32
    Use: Scroll            |       |     2 |     4 |     1 |    13 ||    20
         Potion            |       |     1 |     1 |     1 |     4 ||     7
   Stab: Sleeping          |       |     2 |     1 |       |       ||     3
         Paralysed         |       |       |     6 |    35 |    62 ||   103
         Confused          |       |       |     1 |       |     6 ||     7
 Armour: Skin              |    33 |    48 |    63 |   155 |   291 ||   590
  Dodge: Dodged            |    67 |    90 |   156 |   230 |   489 ||  1032
         Repelled          |       |       |       |       |     4 ||     4

Table legend: (Time is in decaauts)
 A = Elapsed time spent in this place.
 B = Non-inter-level travel time spent in this place.
 C = Inter-level travel time spent in this place.
 D = Time resting spent in this place.
 E = Time spent auto-exploring this place.
 F = Levels seen in this place.
 G = Mean time per level.
                   A        B        C        D        E       F      G
               +--------+--------+--------+--------+--------+-----+--------+
         Total |  25705 |  24018 |   1687 |      0 |  19482 |  25 | 1028.2 |
       Dungeon |  16301 |  15149 |   1152 |      0 |  12147 |  15 | 1086.7 |
        Temple |    306 |    297 |      9 |      0 |    251 |   1 |  306.0 |
          Lair |   7130 |   6748 |    382 |      0 |   5728 |   5 | 1426.0 |
         Swamp |     16 |     16 |      0 |      0 |      0 |   1 |   16.0 |
  Orcish Mines |   1935 |   1792 |    143 |      0 |   1355 |   2 |  967.5 |
        Depths |     16 |     16 |      0 |      0 |      0 |   1 |   16.0 |
               +--------+--------+--------+--------+--------+-----+--------+

Top non-repeatable levels by time:
  Lair:5: 2417 daAuts
    D:15: 1572 daAuts
    D:14: 1518 daAuts
     D:6: 1342 daAuts
   Orc:2: 1301 daAuts
     D:8: 1234 daAuts
  Lair:2: 1226 daAuts
  Lair:4: 1202 daAuts
    D:13: 1187 daAuts
  Lair:1: 1186 daAuts
     D:2: 1140 daAuts
  Lair:3: 1097 daAuts
     D:1: 1087 daAuts
     D:7: 1046 daAuts
     D:5: 1036 daAuts
